[Event "*** Titled Tuesday Blitz"]
[Site "Chess.com"]
[Date "2019.11.05"]
[Round "7"]
[White "LimeInTheCoconut"]
[Black "Storne89"]
[Result "0-1"]
[WhiteElo "2469"]
[BlackElo "2680"]
[TimeControl "180+2"]
[EndTime "14:39:15 PST"]
[Termination "Storne89 won by resignation"]

1. Nf3 d5 2. e3 Nf6 3. c4 c6 4.
Nc3 e6 5. b3 a6 6. Bb2 b5 7. d4 Nbd7 8. Bd3 Nb6 9. c5 Nbd7 10.
b4 a5 11. a3 Be7 12. O-O O-O 13. Qc2 g6 14. Rfe1 Nh5 15. e4 Nf4 16. Bf1 dxe4 17. Qxe4 Nd5 18. Nxd5 cxd5 19. Qc2 Ba6 20. a4 Rb8 21.
Rec1 Qc8 22. c6 Nf6 23. c7 Rb7 24. Qc6 Ra7 25. axb5 Bb7 26. Qc2 Bxb4 27. b6 Ra8 28.
Ba3 Nd7 29. Bxb4 axb4 30. Rxa8 Qxa8 31. Qb2 Qa5 32. Rb1 Qxb6 33. Qxb4 Qxb4 34. Rxb4 Bc8 35.
Ne5 Nxe5 36. dxe5 f6 37. exf6 Rxf6 38. Rb8 Rf8 39. f4 Kf7 40. Kf2 Ke7 41. Ke3 Kd6 42.
Ba6 Kxc7 43. Ra8 Re8 44. Kd4 Bd7 45. Rxe8 Bxe8 46. Ke5 Bd7 47. Bd3 Kc6 48. g4 Kc5 49. h4 d4 50. g5 Be8 51. Be4 Bb5 52. Kxe6 d3 53. Bxd3 Bxd3 54. Kf6 Kd5 55. Kg7 Ke6 56. Kxh7 Kf5 57. Kh6 Be2 58. Kg7 Bh5 0-1

[Event "*** Titled Tuesday Blitz"]
[Site "Chess.com"]
[Date "2019.11.05"]
[Round "7"]
[White "Godzillator"]
[Black "Alex_Terzi"]
[Result "0-1"]
[WhiteElo "2299"]
[BlackElo "2499"]
[TimeControl "180+2"]
[EndTime "14:39:20 PST"]
[Termination "Alex_Terzi won by checkmate"]

1. d4 Nf6 2. c4 c5 3. d5 b5 4.
cxb5 a6 5. bxa6 g6 6. Nc3 Bg7 7.
e4 Qa5 8. Bd2 Qb4 9. Qc2 Bxa6 10. Bxa6 Nxa6 11. Nge2 Rb8 12. b3 O-O 13. O-O d6 14. f3 Qb7 15. Kh1 Nd7 16. Rab1 Nb4 17. Qd1 Qa6 18. a4 Ne5 19. Nb5 Ned3 20. Bxb4 Nxb4 21. Rc1 Rxb5 22. axb5 Qxb5 23. Nc3 Qa6 24. Qe2 Qb7 25. Qc4 Rb8 26. Na4 Qa7 27. f4 Na2 28. Rc2 Nb4 29. Re2 Bd4 30. e5 Qa6 31. exd6 exd6 32.
Rfe1 Qxc4 33. bxc4 Kf8 34. Nb2 Ra8 35. Nd1 Nd3 36. Rf1 Ra1 37. Ne3 Rxf1+ 38. Nxf1 Nf2+ 39. Rxf2 Bxf2 40. Nd2 Ke7 41. Ne4 Be3 42. g3 f5 43.
Nc3 Bd2 44. Nb5 g5 45. fxg5 Bxg5 46. Kg2 h5 47. h4 Bd2 48. Kf3 Bc1 49. Nc7 Kf6 50.
Ne6 Ke5 51. Ng7 Bh6 52. Nxh5 Kd4 53. Nf6 Kxc4 54. Ng8 Bg7 55. Kf4 Kd3 56. Ne7 c4 57. Nxf5 c3 58. Nxg7 c2 59. Ne6 c1=Q+ 60. Kf5 Qf1+ 61.
Nf4+ Kd4 62. h5 Qb1+ 63. Kg5 Ke5 64. h6 Qh7 65. Kh5 Qf7+ 66. Kh4 Kf5 67. Ne6 Qf6+ 68.
Kh5 Qg6+ 69. Kh4 Qg4# 0-1

[Event "*** Titled Tuesday Blitz"]
[Site "Chess.com"]
[Date "2019.11.05"]
[Round "7"]
[White "Korchmar_Vasiliy"]
[Black "platy3"]
[Result "1/2-1/2"]
[WhiteElo "2730"]
[BlackElo "2900"]
[TimeControl "180+2"]
[EndTime "14:39:23 PST"]
[Termination "Game drawn - insufficient material"]

1. d4 Nf6 2. c4 e6 3. g3 d5 4. Bg2 dxc4 5. Nf3 c6 6. O-O b5 7. Ne5 Bb7 8. b3 cxb3 9. axb3 Be7 10. Nc3 a6 11. Bb2 O-O 12. Ne4 Qb6 13. Qc2 Rc8 14.
Rfc1 Nbd7 15. Ng5 Nf8 16. Ngxf7 c5 17. Bxb7 Qxb7 18. dxc5 Bxc5 19. Qd3 Ne4 20. e3 Be7 21. h4 h6 22. Qe2 Bf6 23. Qg4 Kh7 24. Ba3 b4 25. Bb2 Nd2 26. Nd6 Rxc1+ 27. Rxc1 Qd5 28. Ndc4 Nxc4 29. Nxc4 Bxb2 30. Nxb2 Rb8 31. Nc4 Nd7 32. Rd1 Nf6 33. Qe2 Qe4 34. Rd3 Nd5 35.
Nd2 Qe5 36. Rd4 a5 37. Qd3+ Kg8 38. Nc4 Qf6 39. e4 Rf8 40. f3 Nc3 41. Kg2 Ne2 42. Rd7 Nc1 43. Qe3 Qc3 44. Qxc3 bxc3 45. Rc7 Nxb3 46.
Nb6 Rb8 47. Nd7 Rd8 48. Rxc3 Rxd7 49. Rxb3 Ra7 50. Kf2 a4 51. Ra3 g5 52. h5 Kf7 53.
Ke3 Kf6 54. Kd4 Ra5 55. f4 gxf4 56. gxf4 Rxh5 57. Rxa4 e5+ 58. fxe5+ Rxe5 59. Ra6+ Re6 60. Rxe6+ Kxe6 61. Ke3 h5 62. Kf3 h4 63. Kg4 Ke5 64.
Kxh4 Kxe4 1/2-1/2

[Event "*** Titled Tuesday Blitz"]
[Site "Chess.com"]
[Date "2019.11.05"]
[Round "7"]
[White "jefferyx"]
[Black "Rodalquilar"]
[Result "1-0"]
[WhiteElo "2919"]
[BlackElo "2631"]
[TimeControl "180+2"]
[EndTime "14:39:35 PST"]
[Termination "jefferyx won on time"]

1. e4 Nf6 2. e5 Nd5 3. d4 d6 4. c4 Nb6 5. f4 dxe5 6. fxe5 c5 7. d5 g6 8. Nf3 Bg7 9. Bf4 Bg4 10. Nbd2 O-O 11.
Be2 e6 12. d6 Nc6 13. O-O Nd7 14. Ne4 Bxf3 15. Bxf3 Ncxe5 16. Kh1 Nxf3 17. Qxf3 e5 18. Bg5 f6 19. Bh4 Qb6 20. Qh3 f5 21. Be7 Qc6 22. Bxf8 Nxf8 23. Nc3 Ne6 24. Rae1 Qxd6 25. g4 f4 26. Qg2 Qc6 27. Nd5 Kh8 28. Rf3 Nd4 29.
Rh3 Rf8 30. Qe4 f3 31. Rf1 Rf4 32. Qe3 b5 33. Nxf4 exf4 34. cxb5 fxe3 35. bxc6 e2 36. Kg1 exf1=Q+ 37. Kxf1 Nxc6 38. Rxf3 Bxb2 39. Rf7 c4 40. Rc7 Ne5 41. Rxa7 Nxg4 42. Ke2 c3 43. Rc7 Nf6 44. a4 Nd5 45. Rc8+ Kg7 46. Rc4 Nb6 47. Rc7+ Kh6 48. a5 Nd5 49. Rc4 Ba3 50. a6 Nb6 51. Rxc3 Bb4 52.
Rb3 Bc5 53. Rb5 Bg1 54. h3 g5 55. Kf3 Kh5 56. Kg3 h6 57. Re5 Nc4 58. Re4 Nd6 59.
Re1 Nf5+ 60. Kf3 Bd4 61. Ke4 1-0

[Event "*** Titled Tuesday Blitz"]
[Site "Chess.com"]
[Date "2019.11.05"]
[Round "7"]
[White "TregubovP"]
[Black "gmcorrales"]
[Result "1-0"]
[WhiteElo "2576"]
[BlackElo "2839"]
[TimeControl "180+2"]
[EndTime "14:39:35 PST"]
[Termination "TregubovP won by resignation"]

1. e4 c5 2. Nf3 d6 3. c3 Nf6 4. Be2 g6 5. O-O Bg7 6. Bb5+ Bd7 7. Bxd7+ Nbxd7 8. Re1 e5 9. d4 cxd4 10. cxd4 exd4 11. Qxd4 Qb6 12. Nc3 O-O 13. Bf4 Rfe8 14. Qxb6 Nxb6 15. Rad1 Nc4 16. b3 Nh5 17. Nd5 Nb2 18.
Rd2 Nxf4 19. Nxf4 Bc3 20. Ree2 Bxd2 21. Rxd2 Rxe4 22. g3 Na4 23. bxa4 Rxa4 24. Nd5 Kg7 25. Kg2 Rc8 26. h4 b5 27. Nd4 Rc5 28. Nb3 Rcc4 29.
h5 gxh5 30. Ne3 Rc6 31. Nf5+ Kf6 32. Nxd6 h4 33. Nxb5 hxg3 34. fxg3 h5 35. Kh3 Rcc4 36. Nd6 Rg4 37. Rf2+ Ke6 38. Nxf7 Rgc4 39. Ng5+ Kd6 40.
Nf3 Kc7 41. Rd2 Rab4 42. Ne5 Re4 43. Nd3 Rbc4 44. Nf2 Re3 45. Nd4 a5 46. Nf5 Ra3 47.
Nd3 Rcc3 48. Nf4 Rf3 49. Kh4 Rf1 50. Kxh5 Ra1 51. Rc2+ Kb8 52. Nd6 R1xa2 53. Rc8+ Ka7 54. g4 Rd2 55. Nc4 Rh2+ 56. Kg6 Rc3 57. Nd5 Rc1 58. Rc7+ Kb8 59. Rc6 Rhc2 60. Nde3 a4 61.
Nxc2 Rxc2 62. Rb6+ Ka7 63. Rb4 a3 64. Nxa3 Rg2 65.
g5 Ka6 66. Kf6 Ka5 67. Rf4 Kb6 68. g6 Kc7 69. g7 Kd7 70. Kf7 Kd6 71. g8=Q Ke5 72.
Qxg2 1-0

[Event "*** Titled Tuesday Blitz"]
[Site "Chess.com"]
[Date "2019.11.05"]
[Round "7"]
[White "Eloist"]
[Black "StoreySniper"]
[Result "1-0"]
[WhiteElo "2254"]
[BlackElo "2264"]
[TimeControl "180+2"]
[EndTime "14:39:39 PST"]
[Termination "Eloist won by resignation"]

1. e4 g6 2. d4 Bg7 3. Nc3 c5 4.
dxc5 Bxc3+ 5. bxc3 Nf6 6. e5 Ne4 7. Qd4 Qa5 8. Qb4 Qxc5 9. Be3 Qxe5 10. Bd4 Qe6 11. Bxh8 Ng3+ 12. Be2 Nxh1 13. Qc4 Nc6 14. Qxe6 dxe6 15. Bg7 f6 16. Bh6 Ne5 17. Be3 Bd7 18. f4 Nf7 19. Bf3 Bc6 20. Rb1 Nd6 21. Bxc6+ bxc6 22. Nf3 Nf5 23. Ke2 Nhg3+ 24. hxg3 Nxg3+ 25. Ke1 Nf5 26. Bd2 Nd6 27. Ke2 Ne4 28. Be1 O-O-O 29. Rb4 Nd6 30.
Ra4 Kb7 31. Nd4 e5 32. fxe5 fxe5 33. Rb4+ Ka8 34. Nxc6 Re8 35. Nxe5 g5 36. Bg3 Nf5 37. Bh2 Nh4 38. g3 Nf5 39. g4 Nd6 40. c4 Ne4 41. Ke3 Nf6 42. Rb5 h5 43. gxh5 Nxh5 44. c5 Nf6 45. c6 e6 46. c7 Nd5+ 47. Rxd5 exd5 48.
Kd4 Kb7 49. Kxd5 Kxc7 50. Nf3+ Kb6 51. Nxg5 Re2 52. Bg1+ Kb7 53. c4 Rxa2 54. Ne4 Rg2 55. Bd4 a5 56. Nc5+ Kc7 57. Be5+ Kb6 58. Na4+ Ka6 59.
Nc3 Rg8 60. c5 Rg4 61. c6 a4 62.
c7 Kb7 63. Nb5 Rg5 64. Kd4 Rxe5 65. Kxe5 a3 66. Kd6 a2 67. Kd7 a1=Q 68. c8=Q+ Kb6 69. Qc6+ Ka5 70. Qa8+ 1-0

[Event "*** Titled Tuesday Blitz"]
[Site "Chess.com"]
[Date "2019.11.05"]
[Round "7"]
[White "Irishchessman16"]
[Black "vova-79"]
[Result "1-0"]
[WhiteElo "2204"]
[BlackElo "2374"]
[TimeControl "180+2"]
[EndTime "14:40:03 PST"]
[Termination "Irishchessman16 won on time"]

1. d4 d5 2. c4 c6 3. Nc3 Nf6 4. Nf3 e6 5. e3 Nbd7 6. Qc2 Bd6 7.
Bd3 O-O 8. O-O dxc4 9. Bxc4 b5 10. Be2 a6 11. e4 e5 12. Rd1 Qc7 13. h3 Bb7 14.
Bg5 exd4 15. Nxd4 Rfe8 16. Nf5 Bf8 17. Rac1 c5 18. Nd5 Nxd5 19. exd5 f6 20. Be3 Rad8 21. d6 Qc8 22. Qb3+ c4 23. Bxc4+ bxc4 24. Rxc4 Qa8 25. Rc8+ Bd5 26. Rxd5 Rxc8 27. Ne7+ Kh8 28. Qd3 Ne5 29. Rxe5 fxe5 30. Nxc8 Rxc8 31. d7 Rb8 32. Bg5 h6 33. d8=Q Rxd8 34. Qxd8 Qxd8 35. Bxd8 Kg8 36. Kf1 Kf7 37. Ke2 e4 38. Bb6 Ke6 39. Ke3 Kd5 40. b3 g6 41. f3 exf3 42. Kxf3 h5 43. Be3 Be7 44. Kf4 Bd8 45. Kf3 Be7 46. g4 hxg4+ 47. Kxg4 Bf6 48. Bg5 Bg7 49. Be3 Bf6 50. Bg5 Bg7 51.
Be7 Bh6 52. Bf6 Kc5 53. Bc3 Kd5 54. Kf3 Bf8 55. Ke3 Bc5+ 56. Kd3 Be7 57. a4 Bd6 58.
Bd4 Be7 59. Bc3 Bd6 60. Bd2 1-0

[Event "*** Titled Tuesday Blitz"]
[Site "Chess.com"]
[Date "2019.11.05"]
[Round "7"]
[White "RitvarsReimanis"]
[Black "MikaelyanArman"]
[Result "1/2-1/2"]
[WhiteElo "2610"]
[BlackElo "2732"]
[TimeControl "180+2"]
[EndTime "14:40:08 PST"]
[Termination "Game drawn by repetition"]

1. d4 Nf6 2. c4 g6 3. Nc3 Bg7 4. e4 O-O 5. Be2 d6 6. Nf3 c5 7. O-O cxd4 8. Nxd4 Nc6 9. Be3 Bd7 10. Rc1 Nxd4 11. Bxd4 Bc6 12. f3 a5 13. Nd5 Nd7 14. Bxg7 Kxg7 15. Qd4+ e5 16. Qd2 Nc5 17. Ne3 Ne6 18.
Rfd1 Qb6 19. Kh1 Nd4 20. Nc2 Nxc2 21. Rxc2 Rad8 22. Rc3 h6 23. Rd3 Rfe8 24. Bf1 Re6 25. b3 g5 26. Qe3 Qxe3 27. Rxe3 b6 28. Rc3 Kf6 29. c5 b5 30. a3 Ke7 31. b4 Rd7 32. Kg1 axb4 33. axb4 Rg6 34. Kf2 g4 35. Rd2 h5 36.
Be2 gxf3 37. gxf3 h4 38. Bf1 Rf6 39. Ke3 Rd8 40. cxd6+ Rdxd6 41. Rxd6 Kxd6 42. Rc5 Rg6 43. Bxb5 Bxb5 44. Rxb5 Rg2 45. Rb6+ Ke7 46. Rb7+ Ke6 47. Rb6+ Ke7 48. Rb8 Rxh2 49. Rh8 Rh1 50. Kf2 Rh2+ 51. Ke3 Kd6 52. Rh6+ Kd7 53. b5 Rb2 54. Rxh4 Rb3+ 55. Kf2 Rxb5 56. Rh6 Ke7 57. Kg3 f6 58. Rh7+ Ke6 59.
Ra7 Rb1 60. Kg2 Rb2+ 61. Kg3 Rb1 62. Kg2 Kd6 63. Kf2 Rb6 64. Kg3 Ke6 65. Kg4 Rb3 66. Kg3 Rc3 67. Kg4 Rb3 68. Kg3 Rb1 1/2-1/2

[Event "*** Titled Tuesday Blitz"]
[Site "Chess.com"]
[Date "2019.11.05"]
[Round "7"]
[White "Vojtap"]
[Black "Alopekos"]
[Result "0-1"]
[WhiteElo "2160"]
[BlackElo "2468"]
[TimeControl "180+2"]
[EndTime "14:40:09 PST"]
[Termination "Alopekos won by resignation"]

1. e4 c5 2. Nf3 e6 3. d4 cxd4 4.
Nxd4 Nf6 5. Nc3 Bb4 6. e5 Nd5 7.
Qg4 O-O 8. Bd2 d6 9. exd6 Bxc3 10. bxc3 e5 11. Nf5 Qf6 12. Bd3 g6 13. Nh6+ Kg7 14. Qe4 Nf4 15. O-O Qg5 16. Be3 Nc6 17. g3 Nh3+ 18. Kh1 Qh5 19. Rae1 f5 20. Qd5 f4 21. d7 fxe3 22. dxc8=Q Raxc8 23. Rxe3 Kxh6 24. Kg2 Ng5 25. h4 Rcd8 26. hxg5+ Qxg5 27. Rh1+ Kg7 28. Qe4 Rd6 29. Qh4 Qxh4 30. Rxh4 Rdf6 31. Re2 Re8 32. Rhe4 Re7 33. Bb5 Kf7 34. Bxc6 Rxc6 35. R2e3 Rec7 36. Rxe5 Rxc3 37. Re7+ Rxe7 38. Rxc3 Ke6 39. Kf3 Kd5 40. Kg4 b5 41. Kg5 a5 42. Kf6 Re2 43. f4 b4 44. Rd3+ Kc4 45. Kg7 Rxc2 46. Rd8 Rxa2 47. Kxh7 b3 48. Kxg6 b2 49. Rc8+ Kd3 50. Rb8 a4 51. f5 a3 52. f6 Ra1 53. f7 Rf1 54. g4 a2 55.
Kg7 Rxf7+ 56. Kxf7 b1=Q 57. Rxb1 axb1=Q 58. g5 Qb7+ 59.
Kf6 Qc6+ 60. Kf7 Qd7+ 61. Kf6 Qe8 62. Kg7 Qe7+ 63. Kh6 Qf8+ 64. Kh7 Qf7+ 65. Kh6 Ke4 66. g6 Qg8 67. g7 Kf5 0-1

[Event "*** Titled Tuesday Blitz"]
[Site "Chess.com"]
[Date "2019.11.05"]
[Round "7"]
[White "misha_chessone"]
[Black "DinaBelenkaya"]
[Result "0-1"]
[WhiteElo "2417"]
[BlackElo "2330"]
[TimeControl "180+2"]
[EndTime "14:40:11 PST"]
[Termination "DinaBelenkaya won by resignation"]

1. d4 d5 2. c4 dxc4 3. e3 Nf6 4. Bxc4 e6 5. Nf3 a6 6. a4 c5 7. O-O Nc6 8. Nc3 Bd6 9. Qe2 Qc7 10. Rd1 O-O 11. h3 b6 12. e4 cxd4 13. Nxd4 Nxd4 14.
Rxd4 Be5 15. Rd1 Bb7 16. f3 Rfc8 17. Bd3 Nd7 18. Be3 Nc5 19. Bc2 Qe7 20. Bd4 Bf4 21. Be3 Bb8 22. Rd2 Qf6 23. Rad1 Bc7 24. a5 Qh4 25.
axb6 Bxb6 26. Na4 Nxa4 27. Bxa4 Bxe3+ 28. Qxe3 Rab8 29. Rd7 Bc6 30. Bxc6 Rxc6 31. Qd2 h6 32. Rd8+ Rxd8 33. Qxd8+ Qxd8 34. Rxd8+ Kh7 35. Ra8 Rb6 36. Kh2 Kg6 37. Ra7 f6 38. Kg3 h5 39. b3 f5 40.
exf5+ Kxf5 41. h4 g6 42. Kf2 Ke5 43. Rg7 Kf6 44. Ra7 e5 45. g3 Ke6 46. Rg7 Kd5 47.
Ra7 Kd4 48. Ke2 Kc3 49. Ke3 Kxb3 50. Ke4 Kb4 51. Kxe5 a5 52. g4 a4 53. gxh5 gxh5 54. Kf4 a3 55. Rxa3 Kxa3 56. Kg5 Rb5+ 57. Kg6 Kb4 58. f4 Kc5 59. f5 Kd6 60. f6 Ke6 61. Kg7 Rb7+ 62. Kg6 Rf7 63. Kxh5 Kxf6 64. Kh6 Rf8 65. Kh7 Rf7+ 66. Kh6 Rg7 67. h5 Rg5 0-1

[Event "*** Titled Tuesday Blitz"]
[Site "Chess.com"]
[Date "2019.11.05"]
[Round "7"]
[White "przemekpiotrowski"]
[Black "Azatic"]
[Result "1-0"]
[WhiteElo "2424"]
[BlackElo "2602"]
[TimeControl "180+2"]
[EndTime "14:40:40 PST"]
[Termination "przemekpiotrowski won by resignation"]

1. d4 Nf6 2. Nf3 g6 3. g3 Bg7 4.
Bg2 O-O 5. O-O c5 6. c4 Na6 7.
Nc3 d6 8. d5 Nc7 9. a4 e6 10. e4 exd5 11. cxd5 Rb8 12. h3 Re8 13. Re1 a6 14. a5 Nb5 15. Nxb5 axb5 16. Qd3 c4 17.
Qc2 Nd7 18. Bf4 Ne5 19. Nxe5 Bxe5 20. Bxe5 Rxe5 21. f4 Re8 22. e5 Bf5 23. Qc3 dxe5 24. fxe5 Qg5 25. Re3 b4 26. Qd4 Rbc8 27. d6 c3 28. bxc3 Rxc3 29. Rxc3 bxc3 30. Qxc3 Rc8 31. Qf3 Qd2 32. Qf2 Qc3 33. Rd1 Qxa5 34. Bxb7 Rd8 35. Bd5 Qa4 36. Rf1 Qb5 37. Qd4 Rd7 38. g4 Bd3 39. e6 Bxf1 40. exd7 Qxd7 41. Kxf1 h5 42. Qf6 Qb5+ 43. Kg1 Qc5+ 44. Kh2 Qxd5 45. gxh5 gxh5 46. h4 Qd2+ 47. Kg3 Qe3+ 48. Qf3 Qe5+ 49. Qf4 Qc3+ 50. Kf2 Qc2+ 51. Ke3 Qc3+ 52. Ke4 f6 53. Kd5 Kf7 54. Qe4 Qb3+ 55. Kc6 Qc3+ 56. Kd7 Qg3 57. Qh7+ Kf8 58. Qh8+ Kf7 59. Qxh5+ Kg7 60. Qf5 Qxh4 61. Ke7 Qe1+ 62. Qe6 Qb4 63. Qxf6+ Kh7 64. Qg5 Qe4+ 65. Kf6 Qd4+ 66.
Ke6 Qe4+ 67. Qe5 Qg6+ 68. Kd7 Qg4+ 69. Qe6 Qa4+ 70. Ke7 Qa7+ 71. d7 Qa3+ 72. Ke8 Qa4 73. Qf5+ Kg7 74. Qe5+ Kg8 75. Qg5+ Kh7 76. Ke7 Qb4+ 77.
Kf7 Qc4+ 78. Kf8 Qf1+ 79. Ke8 Qb5 80. Qxb5 1-0

[Event "*** Titled Tuesday Blitz"]
[Site "Chess.com"]
[Date "2019.11.05"]
[Round "8"]
[White "Eliwood44"]
[Black "marianokar"]
[Result "0-1"]
[WhiteElo "2362"]
[BlackElo "2482"]
[TimeControl "180+2"]
[EndTime "14:48:17 PST"]
[Termination "marianokar won by resignation"]

1. d4 Nf6 2. Nf3 e6 3. Bf4 d5 4. e3 Bd6 5. Bg3 O-O 6. Nbd2 c5 7. c3 b6 8. e4 dxe4 9. Ng5 e3 10. fxe3 Bxg3+ 11. hxg3 h6 12. Qf3 Qc7 13. Rxh6 Bb7 14. Nge4 Nxe4 15.
Nxe4 gxh6 16. Nf6+ Kh8 17. Qh5 Qxg3+ 18. Kd1 Qg5 0-1

[Event "*** Titled Tuesday Blitz"]
[Site "Chess.com"]
[Date "2019.11.05"]
[Round "8"]
[White "fidetrainerNET"]
[Black "ranu540"]
[Result "1-0"]
[WhiteElo "2193"]
[BlackElo "1716"]
[TimeControl "180+2"]
[EndTime "14:48:46 PST"]
[Termination "fidetrainerNET won by checkmate"]

1. e4 c5 2. Nf3 Nc6 3. d4 cxd4 4. c3 dxc3 5. Nxc3 g6 6. Bc4 Bg7 7. Bg5 Nf6 8. Qe2 O-O 9. Rd1 d6 10. e5 Nd7 11. exd6 exd6 12. Bxd8 Rxd8 13. O-O Nf6 14. Ng5 Rf8 15. Rxd6 Bg4 16. f3 Bf5 17. g4 Be6 18. Rxe6 fxe6 19. Nxe6 Rfe8 20. Nc7+ Kf8 21.
Nxe8 Rxe8 22. Qd1 Bh6 23. Re1 Be3+ 24. Kg2 Nd4 25. Rxe3 Rxe3 26. Qxd4 Re8 27. Qxf6# 1-0

[Event "*** Titled Tuesday Blitz"]
[Site "Chess.com"]
[Date "2019.11.05"]
[Round "8"]
[White "Bishops83"]
[Black "PNEPaul"]
[Result "1-0"]
[WhiteElo "2246"]
[BlackElo "1727"]
[TimeControl "180+2"]
[EndTime "14:48:48 PST"]
[Termination "Bishops83 won by resignation"]

1. e4 e5 2. Nf3 Nc6 3. d4 exd4 4. Nxd4 Be7 5. Nc3 d6 6. Be3 Nf6 7. f3 O-O 8. Qd2 a6 9. g4 Nxd4 10. Bxd4 c5 11. Be3 b5 12. g5 b4 13. Ne2 Nh5 14. Ng3 Nxg3 15. hxg3 f6 16. Bc4+ Kh8 17. g6 h6 18. Bxh6 1-0

[Event "*** Titled Tuesday Blitz"]
[Site "Chess.com"]
[Date "2019.11.05"]
[Round "8"]
[White "ChessWarrior7197"]
[Black "KhalilMousavi77"]
[Result "1/2-1/2"]
[WhiteElo "2959"]
[BlackElo "2914"]
[TimeControl "180+2"]
[EndTime "14:48:51 PST"]
[Termination "Game drawn by agreement"]

1. e4 e6 2. d4 d5 3. Nc3 Bb4 4. Ne2 dxe4 5. a3 Be7 6. Nxe4 Nf6 7. Nxf6+ Bxf6 8. Be3 O-O 9. Qd2 b6 10. O-O-O Bb7 11.
Nc3 Nc6 12. h4 Ne7 13. Bd3 Nd5 14. Nxd5 Qxd5 15. f3 Qa2 16. Qc3 c5 1/2-1/2

[Event "*** Titled Tuesday Blitz"]
[Site "Chess.com"]
[Date "2019.11.05"]
[Round "8"]
[White "Irishchessman16"]
[Black "FearlessKing64"]
[Result "0-1"]
[WhiteElo "2197"]
[BlackElo "2327"]
[TimeControl "180+2"]
[EndTime "14:48:54 PST"]
[Termination "FearlessKing64 won by resignation"]

1. d4 Nf6 2. c4 g6 3. Nc3 d5 4. Nf3 Bg7 5. h4 c6 6. cxd5 Nxd5 7. h5 Bg4 8. hxg6 hxg6 9. Rxh8+ Bxh8 10. e4 Nb6 11.
Be3 e5 12. Be2 Bxf3 13. Bxf3 exd4 0-1

[Event "*** Titled Tuesday Blitz"]
[Site "Chess.com"]
[Date "2019.11.05"]
[Round "8"]
[White "FelixJoseYnojosa"]
[Black "Shield12"]
[Result "1-0"]
[WhiteElo "2651"]
[BlackElo "2795"]
[TimeControl "180+2"]
[EndTime "14:49:13 PST"]
[Termination "FelixJoseYnojosa won by resignation"]

1. c4 Nf6 2. Nc3 e5 3. Nf3 Nc6 4. e4 Bb4 5. d3 Bxc3+ 6. bxc3 d6 7. h3 O-O 8. Be2 a6 9. O-O b5 10. cxb5 axb5 11. Bg5 h6 12. Bh4 Ne7 13. Bxf6 gxf6 14. d4 Be6 15. Bxb5 Bxa2 16. Qd2 Be6 17. d5 Rxa1 18. Rxa1 Bd7 19. Bxd7 Qxd7 20. Qxh6 Ng6 21. Nh4 Nxh4 22. Qxh4 Kg7 23. c4 Rh8 24. Qg3+ Kh7 25. Ra3 1-0

[Event "*** Titled Tuesday Blitz"]
[Site "Chess.com"]
[Date "2019.11.05"]
[Round "8"]
[White "Storne89"]
[Black "nihalsarin"]
[Result "1/2-1/2"]
[WhiteElo "2686"]
[BlackElo "2971"]
[TimeControl "180+2"]
[EndTime "14:49:20 PST"]
[Termination "Game drawn by repetition"]

1. e4 g6 2. d4 Bg7 3. Nc3 d6 4. Nf3 a6 5. a4 b6 6. Be3 Bb7 7. Qd2 Nd7 8. Bd3 e6 9. O-O Ne7 10. Bh6 O-O 11. Rfe1 c5 12. Bxg7 Kxg7 13. Bf1 Qc7 14.
Rad1 Rad8 15. d5 e5 16. g3 Bc8 17. h4 h6 18. Bh3 Nf6 19. Bxc8 Qxc8 20. Nh2 Qh3 21. Qd3 Ng4 22. Nxg4 Qxg4 23. Qxa6 f5 24. Qe2 Qh3 25. Qf1 Qg4 26. Qe2 Qh3 27. Qf1 Qg4 28. Qe2 1/2-1/2

[Event "*** Titled Tuesday Blitz"]
[Site "Chess.com"]
[Date "2019.11.05"]
[Round "8"]
[White "Witik"]
[Black "hypert"]
[Result "1-0"]
[WhiteElo "2591"]
[BlackElo "2462"]
[TimeControl "180+2"]
[EndTime "14:49:58 PST"]
[Termination "Witik won by resignation"]

1. e4 c5 2. Nf3 Nc6 3. d4 cxd4 4. Nxd4 Nf6 5. Nc3 d6 6. Be2 e5 7. Nf3 h6 8. O-O Be6 9. Re1 Qd7 10. b3 Rc8 11. Bb2 Be7 12. Bf1 Bd8 13. Nd5 O-O 14. c4 Bg4 15. h3 Bxf3 16. Qxf3 Nxd5 17. exd5 Nd4 18. Bxd4 exd4 19. Bd3 g6 20. Re4 Kg7 21. Rae1 Ba5 22. R1e2 Bc3 23. Re7 Qd8 24. R2e6 Kh8 25.
Rxf7 Rxf7 26. Qxf7 Rc7 27. Re8+ 1-0

[Event "*** Titled Tuesday Blitz"]
[Site "Chess.com"]
[Date "2019.11.05"]
[Round "8"]
[White "Iyael"]
[Black "Chempiblinka"]
[Result "0-1"]
[WhiteElo "2095"]
[BlackElo "2298"]
[TimeControl "180+2"]
[EndTime "14:50:01 PST"]
[Termination "Chempiblinka won by resignation"]

1. e4 Nf6 2. e5 Nd5 3. d4 d6 4. Nf3 Bg4 5. Be2 e6 6. O-O Be7 7. c4 Nb6 8. Nc3 O-O 9. exd6 cxd6 10. b3 d5 11. c5 Bxf3 12. Bxf3 Nc8 13. b4 Nc6 14. b5 Na5 15. a4 Bf6 16. Bf4 Ne7 17. Re1 Nf5 18. Be5 Nc4 19. Qd3 Bxe5 20. dxe5 g6 21.
Re2 Rc8 22. c6 bxc6 23. bxc6 Rxc6 24. Nb5 Qb6 25. Rd1 a6 26. Nc3 Nb2 0-1

[Event "*** Titled Tuesday Blitz"]
[Site "Chess.com"]
[Date "2019.11.05"]
[Round "8"]
[White "Alopekos"]
[Black "LuisFSiles"]
[Result "1-0"]
[WhiteElo "2473"]
[BlackElo "2310"]
[TimeControl "180+2"]
[EndTime "14:50:15 PST"]
[Termination "Alopekos won by resignation"]

1. e4 e5 2. Nf3 Nc6 3. Bb5 a6 4. Ba4 Nf6 5. O-O Be7 6. Re1 b5 7.
Bb3 d6 8. a4 Bd7 9. axb5 axb5 10. Rxa8 Qxa8 11. Nc3 Na5 12. Ba2 b4 13. Nd5 Nxd5 14.
Bxd5 c6 15. Ba2 O-O 16. d4 Bg4 17. dxe5 dxe5 18. h3 Rd8 19. Bxf7+ Kh8 20. Qe2 Bxf3 21. Qxf3 Rf8 22. Qh5 Bf6 23. Bg6 1-0

[Event "*** Titled Tuesday Blitz"]
[Site "Chess.com"]
[Date "2019.11.05"]
[Round "8"]
[White "StoreySniper"]
[Black "Joel1285"]
[Result "1-0"]
[WhiteElo "2266"]
[BlackElo "1888"]
[TimeControl "180+2"]
[EndTime "14:50:30 PST"]
[Termination "StoreySniper won by resignation"]

1. d4 Nf6 2. c4 e6 3. Nc3 Bb4 4.
e3 c5 5. Bd3 Bxc3+ 6. bxc3 d6 7.
Ne2 Nc6 8. O-O b6 9. f3 Ba6 10. Ng3 Na5 11. Qe2 Qd7 12. e4 Qa4 13. e5 dxe5 14. dxe5 Nd7 15. Ne4 O-O 16. f4 Bxc4 17.
Ng5 h6 18. Qe4 g6 19. Nxe6 Rfe8 20. Nc7 1-0

[Event "*** Titled Tuesday Blitz"]
[Site "Chess.com"]
[Date "2019.11.05"]
[Round "8"]
[White "esskeettit"]
[Black "eldur16"]
[Result "1-0"]
[WhiteElo "2454"]
[BlackElo "2571"]
[TimeControl "180+2"]
[EndTime "14:50:44 PST"]
[Termination "esskeettit won by resignation"]

1. e4 g6 2. d4 Bg7 3. Nc3 d6 4. Be3 a6 5. f4 b5 6. Bd3 Bb7 7. Nf3 Nd7 8. e5 c5 9. Be4 Bxe4 10.
Nxe4 Nh6 11. dxc5 dxe5 12. c6 Nf6 13. Qxd8+ Kxd8 14. Nxf6 exf6 15. fxe5 fxe5 16. Bb6+ Kc8 17.
O-O-O Nf5 18. Rd7 e4 19. Rhd1 Bf6 20. Ne5 1-0

[Event "*** Titled Tuesday Blitz"]
[Site "Chess.com"]
[Date "2019.11.05"]
[Round "8"]
[White "StockholmMissile"]
[Black "babadroga92"]
[Result "1-0"]
[WhiteElo "2312"]
[BlackElo "2609"]
[TimeControl "180+2"]
[EndTime "14:50:46 PST"]
[Termination "StockholmMissile won by resignation"]

1. d4 Nf6 2. c4 e6 3. Nf3 Bb4+ 4.
Bd2 a5 5. g3 d6 6. Bg2 Nbd7 7.
O-O e5 8. dxe5 Nxe5 9. a3 Bxd2 10. Nbxd2 O-O 11. Nxe5 dxe5 12. Qc2 a4 13. Rad1 Qe7 14. Ne4 Bf5 15. Nxf6+ Qxf6 16. Qc3 c6 17. Rd2 Rad8 18. Rfd1 Rxd2 19. Qxd2 h6 20. c5 e4 21. Qd4 Qe7 22. h4 Ra8 23. Qb4 Ra5 24. Qxa5 1-0

[Event "*** Titled Tuesday Blitz"]
[Site "Chess.com"]
[Date "2019.11.05"]
[Round "8"]
[White "WorldChampionBulletChess"]
[Black "NemtsevIgor"]
[Result "0-1"]
[WhiteElo "2087"]
[BlackElo "2285"]
[TimeControl "180+2"]
[EndTime "14:50:47 PST"]
[Termination "NemtsevIgor won by resignation"]

1. d4 c6 2. e4 d5 3. Nc3 h6 4. e5 Bf5 5. Nf3 e6 6. Bd3 Bxd3 7. cxd3 c5 8. O-O Nc6 9. dxc5 Bxc5 10. d4 Bb6 11. a3 Nge7 12. b4 Rc8 13. Bb2 Nf5 14.
Ne2 O-O 15. g4 Nh4 16. Qd3 Nxf3+ 17. Qxf3 Qg5 18. Rad1 f5 19. exf6 Rxf6 20. Qg3 Rcf8 21. h4 Qg6 22. Bc1 Rf3 23. Qg2 Qc2 24. Nf4 R3xf4 25.
Bxf4 Rxf4 26. Qg3 Nxd4 27. Rfe1 Nf3+ 28. Kg2 Nxe1+ 29. Rxe1 Rxf2+ 30. Kh3 Bc7 0-1